[Event "Team 45 45 League T52"]
[Site "Internet Chess Club"]
[Date "2012.02.26"]
[Round "1"]
[White "ChessicalZ"]
[Black "hcube"]
[Result "1/2-1/2"]
[WhiteElo "1862"]
[BlackElo "1676"]
[Opening "Sicilian: Smith-Morra gambit"]
[ECO "B21"]
[Time "12:00:30"]
[TimeControl "2700+45"]

1. e4 c5 2. d4 cxd4 3. c3 dxc3 4. Nxc3 d6 5. Nf3 Nc6 6. Bc4 e6 7. Qe2 Nf6 8. O-O
Be7 9. Rd1 Qc7 10. Nb5 Qb8 11. Bf4 e5 12. Bg5 a6 13. Bxf6 axb5 14. Bxe7 Nxe7 15.
Bxb5+ Nc6 16. Qd3 Bg4 17. Qxd6 Qxd6 18. Rxd6 Ke7 19. Rd2 Bxf3 20. Bxc6 bxc6 21.
gxf3 Rhb8 22. b3 Rxb3 23. axb3 Rxa1+ 24. Kg2 Ra3 25. Rb2 Ra5 26. b4 Rb5 27. Rc2
Rxb4 28. Rxc6 Rb5 29. Rc7+ Kf6 30. h4 g6 31. Kg3 h6 32. h5 Rb1 33. Rc6+ Kg7 34.
Kg2 Rb5 35. hxg6 fxg6 36. Ra6 Rc5 37. Ra7+ Kf6 38. Rh7 h5 39. Ra7 g5 40. Ra8 Rc4
41. Rf8+ Kg6 42. Rf5 Rc5 43. Rf8 Rc4 44. Re8 Kf6 45. Rh8 Kg6 46. Rg8+ Kf6 47.
Rf8+ Kg6 {Game drawn by repetition} 1/2-1/2

[Event "Team 45 45 League T52"]
[Site "Internet Chess Club"]
[Date "2012.02.18"]
[Round "1"]
[White "fireball"]
[Black "BraafPaard"]
[Result "1-0"]
[WhiteElo "1639"]
[BlackElo "1551"]
[Opening "KGD: Falkbeer, 3...e4"]
[ECO "C32"]
[Time "09:03:06"]
[TimeControl "2700+45"]

1. e4 e5 2. f4 d5 3. exd5 e4 4. d4 exd3 5. Bxd3 Nf6 6. Be3 Nxd5 7. Qe2 Be7 8.
Nd2 O-O 9. O-O-O Re8 10. Nc4 Bc5 11. Bxh7+ Kh8 12. Qh5 Bxe3+ 13. Nxe3 Rxe3 14.
Bg6+ Kg8 15. Bxf7+ Kf8 16. Bxd5 {Black resigns} 1-0

[Event "Team 45 45 League T52"]
[Site "Internet Chess Club"]
[Date "2012.02.20"]
[Round "1"]
[White "primerpaso"]
[Black "superbeast"]
[Result "1/2-1/2"]
[WhiteElo "1914"]
[BlackElo "1978"]
[Opening "English: Anglo-Grünfeld, Smyslov defense"]
[ECO "A16"]
[Time "19:02:27"]
[TimeControl "2700+45"]

1. c4 Nf6 2. Nc3 d5 3. cxd5 Nxd5 4. g3 g6 5. Bg2 Nxc3 6. bxc3 Bg7 7. Nf3 O-O 8.
O-O c5 9. Qc2 Nc6 10. d3 Rb8 11. Bb2 e5 12. Rfd1 Bf5 13. Qd2 Qe7 14. Nh4 Bg4 15.
h3 Be6 16. Ba3 Rfd8 17. Qe3 Qd7 18. Bxc5 b6 19. Ba3 Bxh3 20. Rac1 Bxg2 21. Nxg2
Qe6 22. Rc2 Na5 23. Ne1 Nc4 24. Qc1 Qd7 25. Ng2 e4 26. Ne3 Nxe3 27. Qxe3 Qa4 28.
Qc1 Rbc8 29. Qb2 Bxc3 30. Qb3 Qxb3 31. axb3 exd3 32. Rxd3 Bg7 33. Rcd2 Rxd3 34.
Rxd3 Bf8 35. Bb2 Rc2 36. Bc3 Rxe2 37. Rd8 a5 38. Rb8 Re6 39. Bd2 g5 40. Bxg5 h6
41. Be3 f6 42. Bxb6 Kf7 43. Bxa5 Bd6 44. Rb7+ Kg6 45. b4 Re1+ 46. Kg2 Rb1 47.
Rd7 Be5 48. Rd3 Rb2 49. Rd5 Bc3 50. Rd3 {Game drawn by mutual agreement} 1/2-1/2

[Event "Team 45 45 League T52"]
[Site "Internet Chess Club"]
[Date "2012.02.18"]
[Round "1"]
[White "Tobiasdelmonte"]
[Black "jjmolina"]
[Result "0-1"]
[WhiteElo "1750"]
[BlackElo "1831"]
[Opening "Ruy Lopez: Anderssen variation"]
[ECO "C77"]
[Time "11:42:43"]
[TimeControl "2700+45"]

1. e4 e5 2. Nf3 Nc6 3. Bb5 a6 4. Ba4 Nf6 5. d3 d6 6. O-O Be7 7. Bg5 Bg4 8. c3
O-O 9. Nbd2 h6 10. Be3 Bh5 11. h3 b5 12. Bb3 Na5 13. Bc2 c5 14. Re1 Nc6 15. Nf1
Bg6 16. Ng3 d5 17. Nh4 Bh7 18. Nhf5 d4 19. cxd4 Nxd4 20. Rc1 Nxf5 21. Nxf5 Bxf5
22. exf5 Nd5 23. Bd2 Bf6 24. Bb3 Qd6 25. Qf3 Rfd8 26. Ba5 Rd7 27. Qe4 Rc8 28. g3
Kh7 29. Red1 Bg5 30. Rc2 Nf6 31. Qe1 Ng8 32. h4 Bd8 33. Bc3 Bc7 34. Re2 Re7 35.
Bc2 Qf6 36. a3 Rce8 37. b4 Bb6 38. Bb1 Ba7 39. Rc1 Kh8 40. Kg2 Qc6+ 41. f3 Qd6
42. Bd2 Nf6 43. Qd1 Nd5 44. Re4 Nf6 45. Re1 Nd5 46. Qb3 cxb4 47. axb4 Bd4 48.
Ba2 Nb6 49. Re4 Nd7 50. Qc2 Nf6 51. Re2 Qd7 52. g4 h5 53. Kh3 hxg4+ 54. fxg4 e4
55. Bf4 Nd5 56. Bg5 f6 57. Bxd5 Qxd5 58. dxe4 Rxe4 59. Rxe4 Qxe4 60. Qxe4 Rxe4
61. Rc8+ Kh7 62. Bc1 Be3 63. Bxe3 Rxe3+ 64. Kg2 Re4 65. Ra8 Rxg4+ 66. Kh3 Rxb4
67. Rxa6 Rf4 68. Rb6 Rxf5 69. Kg4 Rc5 70. h5 Rc4+ 71. Kf3 b4 72. Kg3 Kh6 73. Rb5
Rc3+ 74. Kg2 b3 75. Kh2 Rc2+ 76. Kg3 b2 77. Kg4 Rg2+ 78. Kf4 Rh2 79. Kg4 Rc2 80.
Kf4 Rc4+ 81. Kg3 f5 82. Kf3 Kg5 83. Ke3 Rc2 84. Kd3 Rf2 85. Ke3 Rh2 86. Kf3 Kh4
87. h6 gxh6 88. Kf4 Rf2+ 89. Ke3 Rc2 90. Kd3 Rh2 91. Ke3 Kg3 92. Rb3 f4+ 93.
Ke4+ Kg4 94. Ke5 h5 95. Rb4 Rf2 96. Ke4 h4 {White resigns} 0-1

[Event "Team 45 45 League T52"]
[Site "Internet Chess Club"]
[Date "2012.02.17"]
[Round "1"]
[White "vigneshv"]
[Black "Heian"]
[Result "0-1"]
[WhiteElo "1544"]
[BlackElo "1848"]
[Opening "QGD: semi-Slav"]
[ECO "D31"]
[Time "21:01:24"]
[TimeControl "2700+45"]

1. d4 d5 2. c4 e6 3. Nc3 c6 4. cxd5 exd5 5. Nf3 f5 6. Bf4 Nf6 7. e3 Bd6 8. Bg5
O-O 9. Bd3 Be7 10. Bf4 Ne4 11. Bxe4 fxe4 12. Nd2 Bd6 13. Bxd6 Qxd6 14. O-O Nd7
15. Qc2 Nf6 16. h3 h6 17. Na4 Nh7 18. Qc5 Qg6 19. Kh1 Qh5 20. Qc2 Bxh3 21. Nxe4
Bxg2+ 22. Kxg2 Qf3+ 23. Kg1 dxe4 24. Qd1 Qh3 25. Re1 Ng5 26. f4 Nf3+ 27. Kf2
Qh2+ 28. Kf1 Rf6 29. Re2 Qg1# {White checkmated} 0-1

[Event "Team 45 45 League T52"]
[Site "Internet Chess Club"]
[Date "2012.02.19"]
[Round "1"]
[White "lasker25"]
[Black "rook9999"]
[Result "1-0"]
[WhiteElo "1938"]
[BlackElo "1941"]
[Opening "Sicilian: Taimanov (Bastrikov) variation"]
[ECO "B47"]
[Time "10:02:27"]
[TimeControl "2700+45"]

1. e4 c5 2. Nf3 Nc6 3. d4 cxd4 4. Nxd4 Qc7 5. Nc3 e6 6. g3 Nf6 7. Ndb5 Qb8 8.
Bf4 e5 9. Bg5 a6 10. Bxf6 axb5 11. Bg5 Bb4 12. Bd2 Bxc3 13. Bxc3 b4 14. Bd2 O-O
15. Bg2 b3 16. cxb3 b6 17. O-O Ba6 18. Re1 Ne7 19. Bb4 Qd8 20. Qd6 Ng6 21. Red1
Bb5 22. a4 Bc6 23. Rac1 Re8 24. Qd2 Ra7 25. Rxc6 Qb8 26. Rd6 Rd8 27. Qe3 Rb7 28.
Bf1 Nf8 29. Bc3 f6 30. Bc4+ Kh8 31. f4 exf4 32. Qxf4 Ng6 33. Qxf6 {Black
resigns} 1-0

[Event "Team 45 45 League T52"]
[Site "Internet Chess Club"]
[Date "2012.02.19"]
[Round "1"]
[White "ryan2chess"]
[Black "vaknight"]
[Result "0-1"]
[WhiteElo "1808"]
[BlackElo "1775"]
[Opening "French defense"]
[ECO "C01"]
[Time "13:00:26"]
[TimeControl "2700+45"]

1. e4 e6 2. d4 c5 3. c3 Nc6 4. Nf3 Qc7 5. Bd3 Nf6 6. e5 Nd5 7. Qe2 cxd4 8. cxd4
d6 9. O-O Be7 10. Nbd2 Nf4 11. Qe4 Nxd3 12. Qxd3 O-O 13. Re1 Nb4 14. Qb3 Nc2 15.
Qd3 Nxe1 16. Nxe1 dxe5 17. Ne4 Rd8 18. Nf3 h6 19. Bd2 f5 20. Rc1 Qd7 21. Nxe5
fxe4 22. Qg3 Qxd4 23. Nc4 b5 24. h3 bxc4 25. Bc3 Qd1+ 26. Rxd1 Rxd1+ 27. Kh2 Bd6
28. Be5 Bxe5 29. Qxe5 Rd2 30. Qxe4 Rb8 31. Qxc4 Rdxb2 32. h4 R2b4 33. Qc7 Rxh4+
34. Kg3 Rhb4 35. Qd8+ Kh7 36. Qd3+ g6 37. Qf3 R8b7 38. Qf8 Rc4 39. f4 Rbc7 40.
Kf3 Bb7+ 41. Kf2 Rc2+ 42. Ke3 Bxg2 43. Kd4 Bh3 44. Ke5 R2c5+ 45. Kd6 e5 46. fxe5
R7c6+ 47. Ke7 Rxe5+ 48. Kf7 Rf5+ 49. Ke7 Rc7+ 50. Kd6 Rxf8 51. Kxc7 Rf7+ 52. Kd6
g5 53. Ke5 Bc8 54. Ke4 g4 55. Ke5 g3 56. Ke4 g2 57. Ke5 g1=Q 58. Ke4 Qe1+ 59.
Kd5 Rd7+ 60. Kc4 Qc1+ 61. Kb5 Rb7+ 62. Ka4 Qc4+ 63. Ka3 Qb4# {White checkmated}
0-1

[Event "Team 45 45 League T52"]
[Site "Internet Chess Club"]
[Date "2012.02.16"]
[Round "1"]
[White "CheeryCherry"]
[Black "anna"]
[Result "1-0"]
[WhiteElo "1425"]
[BlackElo "1621"]
[Opening "Nimzovich-Larsen attack: modern variation"]
[ECO "A01"]
[Time "20:34:12"]
[TimeControl "2700+45"]

1. b3 e5 2. Bb2 Nc6 3. e3 d5 4. Bb5 e4 5. d3 exd3 6. Qxd3 a6 7. Bxc6+ bxc6 8.
Nd2 Nf6 9. f4 Bd6 10. Ngf3 h6 11. Ne5 Bd7 12. Ndf3 O-O 13. O-O Re8 14. Nd4 c5
15. Nf5 Bxf5 16. Qxf5 Qe7 17. Rae1 Ne4 18. c4 Nf6 19. cxd5 Nxd5 20. e4 Nf6 21.
g4 Nh7 22. Nc4 g6 23. Qd5 Rad8 24. e5 c6 25. Qxc6 Bb8 26. Qxa6 Qh4 27. Ne3 Re6
28. Qa5 Bc7 29. Qxc7 Rd2 30. Ng2 Rxb2 31. Nxh4 {Black resigns} 1-0

[Event "Team 45 45 League T52"]
[Site "Internet Chess Club"]
[Date "2012.02.21"]
[Round "1"]
[White "juniorVishy"]
[Black "Muravey"]
[Result "0-1"]
[WhiteElo "1614"]
[BlackElo "1741"]
[Opening "Nimzo-Indian defense"]
[ECO "E20"]
[Time "16:33:29"]
[TimeControl "2700+45"]

1. d4 Nf6 2. c4 e6 3. Nc3 Bb4 4. Bd2 O-O 5. e3 d6 6. Nf3 Qe7 7. Bd3 e5 8. Ne4
Bxd2+ 9. Qxd2 Nxe4 10. Bxe4 f5 11. Bc2 e4 12. Ng1 Qg5 13. f4 Qg6 14. Qf2 Be6 15.
d5 Bf7 16. Ne2 c6 17. dxc6 Nxc6 18. b3 Nb4 19. Nd4 d5 20. cxd5 Nxd5 21. O-O Rad8
22. Rac1 Qf6 23. Bb1 Nxe3 24. Qxe3 Rxd4 25. Rfd1 Rxd1+ 26. Rxd1 Bh5 27. Rc1 Qb2
28. Qc3 Qxc3 29. Rxc3 Rd8 30. Rc1 Rd2 31. h3 Be8 32. Re1 Bc6 33. Kf1 g6 34. Kg1
e3 35. g4 g5 36. fxg5 f4 37. a3 f3 38. Bxh7+ Kxh7 39. Rxe3 f2+ 40. Kf1 Bb5+ 41.
Re2 Rxe2 42. g6+ Kxg6 43. a4 Ba6 44. b4 Ra2+ 45. b5 Bxb5+ 46. axb5 Kg5 47. b6
axb6 48. h4+ Kxh4 49. g5 Kg3 50. g6 Kf3 51. g7 Ra1# {White checkmated} 0-1

[Event "Team 45 45 League T52"]
[Site "Internet Chess Club"]
[Date "2012.02.16"]
[Round "1"]
[White "fledermaus"]
[Black "DARKwizard1"]
[Result "1-0"]
[WhiteElo "1853"]
[BlackElo "2093"]
[Opening "Richter-Veresov attack, Richter variation"]
[ECO "D01"]
[Time "18:01:55"]
[TimeControl "2700+45"]

1. d4 Nf6 2. Nc3 d5 3. Bg5 Bf5 4. f3 e6 5. e4 dxe4 6. fxe4 Bg6 7. e5 Bh5 8. Bxf6
gxf6 9. Qxh5 Qxd4 10. Bb5+ c6 11. Bd3 Bc5 12. O-O-O fxe5 13. Nf3 Qf4+ 14. Kb1
Nd7 15. g3 Qb4 16. a3 Qb6 17. Na4 Qa5 18. Nxc5 Qxc5 19. Rhe1 e4 20. Qxc5 Nxc5
21. Bxe4 Ke7 22. c3 h6 23. Bc2 Rad8 24. b4 Nd7 25. Bb3 a5 26. Re2 axb4 27. axb4
Nb6 28. Rxd8 Rxd8 29. Rd2 Ra8 30. Kb2 c5 31. Ne5 cxb4 32. cxb4 Rg8 33. Re2 Rd8
34. Nxf7 Kxf7 35. Rxe6 Nc8 36. Rb6+ Ke8 37. Rxh6 Rd2+ 38. Kc3 Rf2 39. Bd5 b6 40.
Rh8+ Kd7 41. Be6+ Kxe6 42. Rxc8 Rxh2 43. Rc6+ Kf7 44. Rxb6 Rg2 45. Rd6 Rxg3+ 46.
Kc4 Ke7 47. Rd1 Rg6 48. Kc5 Rg5+ 49. Kc6 Rg6+ 50. Kc5 Rg5+ 51. Kb6 Rg6+ 52. Ka5
Rg2 53. b5 Ra2+ 54. Kb6 Rb2 55. Kc6 Rc2+ 56. Kb7 Rb2 57. b6 Rb3 58. Kc7 Rc3+ 59.
Kb8 Rb3 60. b7 Rb2 61. Rd4 Rb1 62. Kc7 Rc1+ 63. Kb6 Rb1+ 64. Kc6 Rb2 65. Rd5
{Black resigns} 1-0

[Event "Team 45 45 League T52"]
[Site "Internet Chess Club"]
[Date "2012.02.19"]
[Round "1"]
[White "SimplyClaudia"]
[Black "gerailen0075"]
[Result "1-0"]
[WhiteElo "1808"]
[BlackElo "1800"]
[Opening "Nimzo-Indian: classical, Noa variation"]
[ECO "E34"]
[Time "14:30:43"]
[TimeControl "2700+45"]

1. d4 Nf6 2. c4 e6 3. Nc3 Bb4 4. Qc2 d5 5. e3 O-O 6. Nf3 c5 7. dxc5 Nc6 8. a3
Bxc5 9. cxd5 exd5 10. Be2 d4 11. exd4 Bxd4 12. O-O Bg4 13. Rd1 Bxf3 14. Bxf3 Qe7
15. Bg5 Qc5 16. Bf4 Be5 17. Be3 Nd4 18. Bxd4 Bxd4 19. Rac1 Rad8 20. Na4 Qg5 21.
Qb3 Ng4 22. Bxg4 Qxg4 23. Rf1 Qf4 24. Rc4 b5 25. Qxb5 Bxf2+ 26. Kh1 Qd2 27. Rcc1
Rd5 28. Qc6 Rfd8 29. Rc2 Qf4 30. h3 Bg3 31. Rcc1 Qd4 32. Nc3 R8d6 33. Qe8#
{Black checkmated} 1-0

[Event "Team 45 45 League T52"]
[Site "Internet Chess Club"]
[Date "2012.02.18"]
[Round "1"]
[White "diegoami"]
[Black "Mobtaker"]
[Result "1-0"]
[WhiteElo "1764"]
[BlackElo "1660"]
[Opening "Sicilian: accelerated fianchetto, Maróczy bind, 6.Be3"]
[ECO "B38"]
[Time "12:00:49"]
[TimeControl "2700+45"]

1. e4 c5 2. Nf3 g6 3. c4 Bg7 4. d4 cxd4 5. Nxd4 Nc6 6. Be3 Nf6 7. Nc3 d6 8. Be2
O-O 9. O-O Bd7 10. f4 a5 11. Bf3 e5 12. Ndb5 exf4 13. Bxf4 Qb6+ 14. Kh1 Ne8 15.
Na4 Qa6 16. Nxd6 Nxd6 17. Bxd6 Rfd8 18. Bc7 Nd4 19. Bxd8 Rxd8 20. Nc5 Qxc4 21.
Rc1 Qxa2 22. Nxd7 Rxd7 23. Rc8+ Bf8 24. Bg4 Rd6 25. Qc1 Rc6 26. Rxc6 bxc6 27.
Qf4 Qb3 28. e5 h5 29. Bxh5 gxh5 30. Qxd4 Qb5 31. Qf4 Qd5 32. Qg5+ Bg7 33. Qxh5
Bxe5 34. Rd1 Qe4 35. Rd8+ Kg7 36. Qh8+ Kg6 37. Rg8+ Kf5 38. Qh7+ Kf4 39. Rg4+
{Black resigns} 1-0

[Event "Team 45 45 League T52"]
[Site "Internet Chess Club"]
[Date "2012.02.21"]
[Round "1"]
[White "ILRE"]
[Black "vvsi"]
[Result "1-0"]
[WhiteElo "1720"]
[BlackElo "1626"]
[Opening "English, Kramnik-Shirov counterattack"]
[ECO "A21"]
[Time "19:06:14"]
[TimeControl "2700+45"]

1. c4 e5 2. Nc3 Bb4 3. Nd5 Be7 4. a3 Nf6 5. Nxe7 Qxe7 6. d3 Nc6 7. e3 d6 8. Nf3
O-O 9. Be2 e4 10. dxe4 Nxe4 11. O-O Bg4 12. b3 Nc3 13. Qc2 Nxe2+ 14. Qxe2 Ne5
15. Bb2 Nxf3+ 16. gxf3 Bh3 17. f4 Qe4 18. f3 Qg6+ 19. Kh1 Bxf1 20. Rxf1 Qe6 21.
Rg1 f6 22. Rg4 Rae8 23. e4 c6 24. f5 Qxf5 25. Qg2 Qd7 26. h4 Re7 27. a4 Rff7 28.
h5 f5 29. exf5 Qxf5 30. Rg3 Re1+ 31. Kh2 Qxh5+ 32. Rh3 Qxf3 33. Rxf3 {Black
resigns} 1-0

[Event "Team 45 45 League T52"]
[Site "Internet Chess Club"]
[Date "2012.02.21"]
[Round "1"]
[White "SlimeDog2"]
[Black "koni"]
[Result "0-1"]
[WhiteElo "2082"]
[BlackElo "1899"]
[Opening "Dutch defense"]
[ECO "A40"]
[Time "03:00:21"]
[TimeControl "2700+45"]

1. d4 e6 2. c4 f5 3. Nf3 Nf6 4. Qc2 b6 5. a3 Bb7 6. Nc3 Be7 7. b4 O-O 8. Bb2 d5
9. e3 Ne4 10. Ne5 Nd7 11. cxd5 Nxe5 12. dxe5 Nxc3 13. Qxc3 Bxd5 14. f3 Bh4+ 15.
Ke2 Rc8 16. g3 Bxf3+ 17. Kxf3 Qd5+ 18. Kf2 Qxh1 19. gxh4 Qxh2+ 20. Kf3 Qxh4 21.
Qc4 Qh5+ 22. Kf2 Qh2+ 23. Bg2 f4 24. Qxe6+ Kh8 25. Qh3 fxe3+ 26. Kxe3 Qf4+ 27.
Kd3 Rcd8+ 28. Kc2 Rd2+ 29. Kb3 Qf2 {White resigns} 0-1

[Event "Team 45 45 League T52"]
[Site "Internet Chess Club"]
[Date "2012.02.19"]
[Round "1"]
[White "plutonas"]
[Black "Portola"]
[Result "1-0"]
[WhiteElo "1499"]
[BlackElo "1719"]
[Opening "QGD: 3...Nf6"]
[ECO "D35"]
[Time "11:00:31"]
[TimeControl "2700+45"]

1. d4 d5 2. c4 e6 3. Nc3 Nf6 4. e3 Be7 5. Nf3 O-O 6. Bd3 dxc4 7. Bxc4 Nbd7 8.
O-O b6 9. e4 Bb7 10. Re1 c5 11. d5 exd5 12. exd5 Bd6 13. Bg5 Qc7 14. g3 a6 15.
a4 Rfe8 16. Qd2 Re7 17. Rxe7 Bxe7 18. Bf4 Bd6 19. Bxd6 Qxd6 20. Re1 Qf8 21. Qd3
Ne8 22. b3 Nd6 23. Ne5 Nxe5 24. Rxe5 Bc8 25. Kg2 g6 26. f4 Qh6 27. h4 Bf5 28.
Qf3 Qf8 29. g4 Bd7 30. Ne4 Nxe4 31. Qxe4 Bxg4 32. d6 Qc8 33. Re7 Be6 34. Bxe6
fxe6 35. d7 Qf8 36. Qxe6+ Kh8 37. Re8 {Black resigns} 1-0

[Event "Team 45 45 League T52"]
[Site "Internet Chess Club"]
[Date "2012.02.16"]
[Round "1"]
[White "cys456"]
[Black "BotanicalKnight"]
[Result "1/2-1/2"]
[WhiteElo "1723"]
[BlackElo "1541"]
[Opening "Caro-Kann defense"]
[ECO "B10"]
[Time "19:04:08"]
[TimeControl "2700+45"]

1. e4 c6 2. Nf3 d5 3. e5 Bg4 4. d4 e6 5. c3 Qb6 6. Be2 Nd7 7. h3 Bh5 8. O-O c5
9. a4 a5 10. Na3 Ne7 11. Nb5 Nc6 12. Be3 Be7 13. Qd2 O-O 14. Nh2 Bg6 15. f4 f6
16. Bd3 Bxd3 17. Qxd3 c4 18. Qd2 f5 19. Rab1 Na7 20. Nxa7 Qxa7 21. b3 Rac8 22.
Qb2 cxb3 23. Qxb3 b6 24. Nf3 h6 25. Rfc1 Qa6 26. Qb5 Qxb5 {Game drawn by mutual
agreement} 1/2-1/2